 Dungeon Crawl Stone Soup version 0.28.0-43-g3370ac3207 (webtiles) character file.

Game seed: 17946304798788071622

242 Revguard the Skirmisher (level 5, 0/37 HPs)
             Began as a Demonspawn Chaos Knight on Mar 15, 2022.
             Was a Plaything of Xom.
             Succumbed to a scorpion's poison
             ... on level 4 of the Dungeon.
             The game lasted 00:08:20 (4419 turns).

Revguard the Skirmisher (Demonspawn Chaos Knight)   Turns: 4419, Time: 00:08:20

Health: 0/37       AC:  5    Str: 11 (14) XL:     5   Next: 81%
Magic:  5/5        EV: 10    Int: 12 (14) God:    Xom [*.....]
Gold:   100        SH:  0    Dex: 11 (12) Spells: 4/4 levels left

rFire   + . .      SeeInvis .   i - +4 war axe (elec)
rCold   . . .      Faith    .   (no shield)
rNeg    . . .      Spirit   .   g - +0 ring mail {rF+}
rPois   .          Reflect  .   (helmet restricted)
rElec   .          Harm     .   f - scarf {repulsion}
rCorr   .          Rampage  .   (no gloves)
Will    +....                   (no boots)
Stlth   ++........              (no amulet)
HPRegen 0.12/turn               (no ring)
MPRegen 0.09/turn               (no ring)

@: lethally poisoned (0 -> -6), repel missiles
A: horns 1, foul stench 2, hooves 1, thin skeletal structure 1, clumsy 1,
deterioration 1, frail 1, strong-willed 1, screaming 1, evolution 1
a: Renounce Religion


You were on level 4 of the Dungeon.
You worshipped Xom.
You were a special plaything of Xom.
You visited 1 branch of the dungeon, and saw 4 of its levels.

You collected 223 gold pieces.
You spent 123 gold pieces at shops.

Inventory:

Hand Weapons
 a - a +0 hand axe of chaos
 i - a +4 war axe of electrocution (weapon)
Armour
 c - a +0 cloak
 f - a scarf of repulsion (worn)
 g - a +0 ring mail of fire resistance (worn)
Scrolls
 b - a scroll of summoning {unknown}
 h - a scroll of vulnerability {unknown}
Potions
 e - a potion of magic
Miscellaneous
 d - a tin of tremorstones (1/2)


   Skills:
 + Level 4.1 Fighting
 + Level 3.8 Axes
 + Level 3.1 Armour
 + Level 2.6 Dodging


You had 4 spell levels left.
You didn't know any spells.
Your spell library contained the following spells:

 Spells                   Type           Power      Damage    Failure   Level
 Sting                    Tmut/Pois      0%         1d3       58%         1
 Poisonous Vapours        Pois/Air       0%         N/A       75%         2
 Gell's Gravitas          Tloc           0%         N/A       92%         3
 Lesser Beckoning         Tloc           0%         N/A       92%         3
 Teleport Other           Tloc           0%         N/A       92%         3
 Olgreb's Toxic Radiance  Pois           0%         N/A       100%        4


Dungeon Overview and Level Annotations

Branches:
Dungeon (4/15)
 Temple: D:4-7

Altars:

Shops:
D:1 *   D:4 (


Innate Abilities, Weirdness & Mutations

You have a pair of small horns on your head.
You sometimes emit foul miasma when damaged in melee.
You have large cloven feet.
You have a somewhat thin skeletal structure. (Dex +2, Stealth+)
You are clumsy. (Dex -2)
Your body sometimes deteriorates upon taking damage.
You are frail. (-10% HP)
You are strong-willed. (Will+)
You occasionally shout uncontrollably at your foes.
You have hidden genetic potential.


Message History

Thank you for shopping at Oniemurph's Antique Weapon Emporium!
You hear the crackle of electricity.
i - a +4 war axe of electrocution (weapon)
Found a spear.
Found 12 bolts.
A scorpion comes into view.
A scorpion is nearby!
You see here a +0 spear.
You see here a scroll of identify. "The weather's been a little too boring around here."
The scorpion stings you.
You are poisoned.
The scorpion poisons you!
You slash the scorpion! Your kick misses the scorpion.
The scorpion is heavily wounded.
You feel very sick. The scorpion stings you. x2
You closely miss the scorpion.
You punch the scorpion, but do no damage.
The scorpion is heavily wounded.
You feel sick. The scorpion barely misses you.
You barely miss the scorpion.
The scorpion is heavily wounded.
You feel sick. The scorpion stings you!
You are more poisoned.
The scorpion poisons you! The scorpion stings you!
* * * LOW HITPOINT WARNING * * *
Your body deteriorates!
You feel clumsy.
* * * LOW HITPOINT WARNING * * *
You feel very sick. "Hum-dee-hum-dee-hum..."
The scorpion changes into a glowing shapeshifter!
The glowing shapeshifter changes into a goliath frog!
You see here a scroll of identify.
* * * LOW HITPOINT WARNING * * *
You feel sick.
Okay, then.
The tremorstone explodes into fragments!
You die...
Xom snickers!

.. #.# #.# #.#
#.### #§#§# ###
##§§F#
####..######.§§§#
.............@#§#
..........##.##.#
..........#).#..#
............##.##
...........## .
(..........# #.
####.#....#
#.#.#### .#
##.#.#.(.....


You could see a goliath frog shaped shifter.

Vanquished Creatures
  Crazy Yiuf (D:3)
  Jessica (D:2)
  Ijyb (D:3)
  4 gnolls (D:4)
  6 adders
  A dart slug (D:3)
  7 orcs (D:3)
  5 endoplasms
  2 giant cockroaches
  8 goblins
  8 hobgoblins
  5 kobolds
  A quokka (D:1)
  3 ball pythons (D:1)
  6 bats
  A frilled lizard (D:2)
  3 rats
63 creatures vanquished.

Vanquished Creatures (collateral kills)
  A kobold (D:3)
1 creature vanquished.

Vanquished Creatures (others)
  A fungus (D:3)
1 creature vanquished.

Grand Total: 65 creatures vanquished

Notes
Turn   | Place    | Note
-------+----------+-------------------------------------------
     0 | D:1      | Revguard the Demonspawn Chaos Knight began the quest for
                  | the Orb.
     0 | D:1      | Reached XP level 1. HP: 18/18 MP: 1/1
    50 | D:1      | Reached skill level 1 in Dodging
   173 | D:1      | Gained mutation: You may rarely emit foul miasma when
                  | damaged in melee. [demonic ancestry]
   173 | D:1      | Reached XP level 2. HP: 18/24 MP: 2/2
   327 | D:1      | Found Rotameise's General Store.
   794 | D:2      | XOM: noise
   794 | D:2      | Noticed Jessica
   815 | D:2      | Killed Jessica
   816 | D:2      | Reached XP level 3. HP: 20/29 MP: 3/3
  1244 | D:2      | XOM: noise
  1494 | D:2      | Found a faded altar of an unknown god.
  2004 | D:3      | XOM: cast spell 'Cause Fear'
  2052 | D:3      | Gained mutation: You sometimes emit foul miasma when
                  | damaged in melee. [demonic ancestry]
  2052 | D:3      | Reached XP level 4. HP: 20/35 MP: 4/4
  2106 | D:3      | XOM: give mutations
  2106 | D:3      | Gained mutation: You are clumsy. (Dex -2) [Xom's mischief]
  2106 | D:3      | Gained mutation: You occasionally shout uncontrollably at
                  | your foes. [Xom's mischief]
  2106 | D:3      | Gained mutation: You are frail. (-10% HP) [Xom's mischief]
  2106 | D:3      | Gained mutation: Your body sometimes deteriorates upon
                  | taking damage. [Xom's mischief]
  2954 | D:3      | Noticed Ijyb
  2960 | D:3      | Killed Ijyb
  3282 | D:3      | XOM: stat loss: -1 Dex (8/10)
  3287 | D:3      | XOM: 3-stop teleportation journey
  3304 | D:3      | Gained mutation: You have a pair of small horns on your
                  | head. [demonic ancestry]
  3304 | D:3      | Reached XP level 5. HP: 28/37 MP: 5/5
  3416 | D:3      | XOM: give mutations
  3416 | D:3      | Gained mutation: You are strong-willed. (Will+) [Xom's
                  | grace]
  3416 | D:3      | Gained mutation: You have hidden genetic potential. [Xom's
                  | grace]
  3416 | D:3      | Gained mutation: You have large cloven feet. [Xom's grace]
  3416 | D:3      | Gained mutation: You have a somewhat thin skeletal
                  | structure. (Dex +2, Stealth+) [Xom's grace]
  3417 | D:3      | XOM: cloud trail
  3419 | D:3      | XOM: god gift: 15 gold pieces
  3487 | D:3      | XOM: god gift: tin of tremorstones (2/2)
  3599 | D:3      | Found a runed translucent door.
  3600 | D:3      | Noticed Crazy Yiuf
  3608 | D:3      | Killed Crazy Yiuf
  3609 | D:3      | Reached skill level 4 in Fighting
  3915 | D:4      | XOM: butterfly on damage
  3918 | D:4      | XOM: chaos upgrade
  4317 | D:4      | XOM: 3-stop teleportation journey
  4381 | D:4      | Found Oniemurph's Antique Weapon Emporium.
  4392 | D:4      | Bought a runed war axe for 123 gold pieces
  4413 | D:4      | XOM: fog
  4417 | D:4      | Noticed a glowing shapeshifter
  4417 | D:4      | a scorpion changed into a glowing shapeshifter
  4417 | D:4      | XOM: polymorph scorpion -> glowing shapeshifter
  4417 | D:4      | Noticed a goliath frog
  4417 | D:4      | a glowing shapeshifter changed into a goliath frog
  4419 | D:4      | Succumbed to a scorpion's poison

Illustrated notes

Levels and vault maps discovered:
D:1:      lightli_arrival_quake, layout_loops_cross, serial_shops, shop
D:2:      layout_loops_ring, shapermc_ecumenical_altar_venn,
          kennysheep_another_room, minivault_11, chequers_serial_rivers_room_b,
          uniq_jessica
D:3:      layout_basic, serial_bayou_ford_a, uniq_ijyb, uniq_crazy_yiuf_cottage
D:4:      layout_rooms, nicolae_tso_carved_into_rock, serial_shops, shop,
          minmay_hollow_rounded_squares

Skill      XL: |  1  2  3  4  5 |
---------------+----------------+-----
Dodging        | 1 2 |  2.6
Armour         | 2 3 |  3.1
Axes           | 3 |  3.8
Fighting       | 4 |  4.1

Action                   |  1- 3 |  4- 6 || total
-------------------------+-------+-------++-------
Melee: Hand axe          |    97 |    75 ||   172
       Punch             |     1 |     3 ||     4
       Kick              |       |     5 ||     5
       Headbutt          |       |     4 ||     4
       War axe           |       |     3 ||     3
Evoke: Tin of tremorston |       |     1 ||     1
  Use: Potion            |     2 |     3 ||     5
       Scroll            |     1 |     1 ||     2
 Stab: Paralysed         |     1 |     3 ||     4
       Petrifying        |       |     1 ||     1
       Sleeping          |       |     1 ||     1
Armor: Leather armour    |    36 |       ||    36
       Ring mail         |       |    61 ||    61
Dodge: Dodged            |    57 |    76 ||   133
